 Dungeon Crawl Stone Soup version 0.30-a0-586-g23e55c9e0a (webtiles) character file.

Game seed: 9786418100866179748

420 wormed the Skirmisher (level 6, -2/51 HPs)
             Began as a Gnoll Wanderer on Jan 4, 2023.
             Was an Initiate of Cheibriados.
             Slain by a gnoll
             ... wielding a +0 spear
              (8 damage)
             ... on level 4 of the Dungeon.
             The game lasted 00:04:37 (3685 turns).

wormed the Skirmisher (Gnoll Wanderer)              Turns: 3685, Time: 00:04:37

Health: -2/51      AC:  7    Str: 11    XL:     6   Next: 94%
Magic:  9/9        EV: 12    Int: 13    God:    Cheibriados [......]
Gold:   252        SH:  0    Dex: 15    Spells: 5/9 levels left

rFire   . . .      SeeInvis .    a - +3 sling (elec)
rCold   . . .      Faith    .    (no shield)
rNeg    . . .      Spirit   .    p - +1 leather armour
rPois   .          Reflect  .    o - +2 helmet
rElec   .          Harm     .    (no cloak)
rCorr   .          Rampage  .    (no gloves)
Will    .....                    (no boots)
Stlth   ++                       (no amulet)
HPRegen 0.28/turn                (no ring)
MPRegen 0.11/turn                (no ring)

@: very slow
A: fangs 1, strong nose, distributed training
a: Renounce Religion


You were on level 4 of the Dungeon.
You worshipped Cheibriados.
Cheibriados was noncommittal.
You visited 1 branch of the dungeon, and saw 4 of its levels.
You also visited: Sewer.

You collected 252 gold pieces.

Inventory:

Hand Weapons
 a - a +3 sling of electrocution (weapon)
Missiles
 c - 17 poisoned darts
Armour
 o - a +2 helmet (worn)
 p - a +1 leather armour (worn)
Scrolls
 e - a scroll of identify
 j - 2 scrolls of immolation
 q - a scroll of enchant weapon
Potions
 b - a potion of attraction
 d - a potion of ambrosia {unknown}
 h - 2 potions of heal wounds
 k - a potion of degeneration
 l - 2 potions of flight {unknown}
 m - 4 potions of curing {unknown}
 s - a potion of invisibility {unknown}
 t - a potion of cancellation {unknown}
 v - 2 potions of might {unknown}


   Skills:
 + Level 5.1 Fighting
 + Level 2.2 Short Blades
 + Level 2.2 Long Blades
 + Level 2.2 Axes
 + Level 2.2 Maces & Flails
 + Level 2.2 Polearms
 + Level 2.2 Staves
 + Level 10.7 Ranged Weapons
 + Level 3.4 Throwing
 + Level 2.2 Armour
 + Level 3.4 Dodging
 + Level 2.2 Stealth
 + Level 2.2 Shields
 + Level 2.2 Unarmed Combat
 + Level 2.2 Spellcasting
 + Level 1.8 Conjurations
 + Level 1.8 Hexes
 + Level 1.8 Summonings
 + Level 1.8 Necromancy
 + Level 1.8 Translocations
 + Level 1.8 Transmutations
 + Level 1.8 Fire Magic
 + Level 1.8 Ice Magic
 + Level 1.8 Air Magic
 + Level 1.8 Earth Magic
 + Level 1.8 Poison Magic
 + Level 2.5 Invocations
 + Level 3.4 Evocations


You had 5 spell levels left.
You knew the following spells:

 Your Spells              Type           Power      Damage    Failure   Level
a - Apportation           Tloc           12%        N/A       16%         1
b - Lesser Beckoning      Tloc           12%        N/A       43%         3

Your spell library contained the following spells:

 Spells                   Type           Power      Damage    Failure   Level
 Ensorcelled Hibernation  Hex/Ice        12%        N/A       24%         2
 Sublimation of Blood     Necr           6%         N/A       24%         2
 Wereblood                Tmut           6%         N/A       24%         2
 Gell's Gravitas          Tloc           6%         N/A       43%         3
 Teleport Other           Tloc           6%         N/A       43%         3
 Airstrike                Air            3%         2d(1-17)  83%         4
 Petrify                  Tmut/Erth      6%         N/A       83%         4
 Summon Lightning Spire   Summ/Air       6%         N/A       83%         4
 Alistair's Intoxication  Tmut/Pois      4%         N/A       99%         5
 Lightning Bolt           Conj/Air       3%         1d14      99%         5
 Yara's Violent Unravell  Hex/Tmut       3%         3d4       99%         5
 Ozocubu's Refrigeration  Ice            3%         4d8       100%        7
 Summon Hydra             Summ           3%         N/A       100%        7


Dungeon Overview and Level Annotations

Branches:
Dungeon (4/15)              Sewer (visited)
 Temple: D:4-7

Altars:
Cheibriados
Elyvilon
Hepliaklqana
Kikubaaqudgha
Sif Muna
Yredelemnul


Innate Abilities, Weirdness & Mutations

You have very sharp teeth.
Your uncanny sense of smell can sniff out nearby items.
Your experience applies equally to all skills.


Message History

You shoot a sling bullet.
The sling bullet hits the gnoll but does no damage.
The gnoll is severely wounded.
The gnoll barely misses you. The gnoll misses you.
Fire: a) +3 sling (elec)
Press: ? - help, Q - select action, (/) - cycle Shift-Dir - straight line, f/p - gnoll
Aim: a gnoll, wielding a +0 halberd (severely wounded, 70% to hit)
You shoot a sling bullet. The sling bullet hits the gnoll!
You kill the gnoll!
Cheibriados appreciates the change of pace.
The gnoll closely misses you.
Fire: a) +3 sling (elec)
Press: ? - help, Q - select action, (/) - cycle Shift-Dir - straight line, f - gnoll
Aim: a gnoll, wielding a +0 spear (70% to hit)
You shoot a sling bullet. The sling bullet hits the gnoll!
The gnoll is severely wounded.
The gnoll hits you from afar with a +0 spear.
* * * LOW HITPOINT WARNING * * *
Fire: a) +3 sling (elec)
Press: ? - help, Q - select action, (/) - cycle Shift-Dir - straight line, f/p - gnoll
Aim: a gnoll, wielding a +0 spear (severely wounded, 70% to hit)
You shoot a sling bullet.
The sling bullet hits the gnoll but does no damage.
The gnoll is severely wounded.
The gnoll hits you from afar with a +0 spear.
* * * LOW HITPOINT WARNING * * *
Fire: a) +3 sling (elec)
Press: ? - help, Q - select action, (/) - cycle Shift-Dir - straight line, f/p - gnoll
Aim: a gnoll, wielding a +0 spear (severely wounded, 70% to hit)
You shoot a sling bullet.
The sling bullet barely misses the gnoll.
The gnoll hits you from afar with a +0 spear.
* * * LOW HITPOINT WARNING * * *
Fire: a) +3 sling (elec)
Press: ? - help, Q - select action, (/) - cycle Shift-Dir - straight line, f/p - gnoll
Aim: a gnoll, wielding a +0 spear (severely wounded, 70% to hit)
You shoot a sling bullet.
The sling bullet barely misses the gnoll.
The gnoll hits you from afar with a +0 spear!
You die...

...?##. #.....
#..... #.... #...#
.....#..# #.g)#∆∆
......... #.).#∆
..#.......
#@.#+##...#.......
#.........#.......
#........##.....#.
###.#######.....##
#.........##....
#########....#†.
#....###. ##...#
## #..## #


You could see a gnoll.

Vanquished Creatures
  Pargi (Sewer)
  A phantom (D:4)
  A hound (D:4)
  7 gnolls
  3 adders
  2 river rats (D:3)
  4 worms
  2 dart slugs
  14 ball pythons
  2 bats
  8 endoplasms
  2 giant cockroaches
  10 goblins
  7 hobgoblins
  4 jackals (D:3)
  9 kobolds
  6 quokkas
  4 frilled lizards
  9 rats
96 creatures vanquished.

Notes
Turn   | Place    | Note
-------+----------+-------------------------------------------
     0 | D:1      | Reached skill level 10 in Ranged Weapons
     0 | D:1      | wormed the Gnoll Wanderer began the quest for the Orb.
     0 | D:1      | wormed set off with the following items: a +2 sling, a
                  | potion of attraction, 14 poisoned darts, a +0 dagger, a
                  | potion of lignification, a +0 robe.
     0 | D:1      | Reached XP level 1. HP: 20/20 MP: 1/1
   188 | D:1      | Reached XP level 2. HP: 26/26 MP: 2/2
   419 | D:1      | Reached XP level 3. HP: 31/31 MP: 3/3
   435 | D:1      | Found a faded altar of an unknown god.
   747 | D:1      | Reached skill level 1 in Invocations
  1183 | D:2      | Reached skill level 1 in Short Blades
  1183 | D:2      | Reached skill level 1 in Long Blades
  1183 | D:2      | Reached skill level 1 in Axes
  1183 | D:2      | Reached skill level 1 in Maces & Flails
  1183 | D:2      | Reached skill level 1 in Polearms
  1183 | D:2      | Reached skill level 1 in Staves
  1183 | D:2      | Reached skill level 1 in Armour
  1183 | D:2      | Reached skill level 1 in Stealth
  1183 | D:2      | Reached skill level 1 in Shields
  1183 | D:2      | Reached skill level 1 in Unarmed Combat
  1183 | D:2      | Reached skill level 1 in Spellcasting
  1189 | D:2      | Reached XP level 4. HP: 23/38 MP: 5/5
  1211 | D:2      | Reached skill level 1 in Conjurations
  1211 | D:2      | Reached skill level 1 in Hexes
  1211 | D:2      | Reached skill level 1 in Summonings
  1211 | D:2      | Reached skill level 1 in Necromancy
  1211 | D:2      | Reached skill level 1 in Translocations
  1211 | D:2      | Reached skill level 1 in Transmutations
  1211 | D:2      | Reached skill level 1 in Fire Magic
  1211 | D:2      | Reached skill level 1 in Ice Magic
  1211 | D:2      | Reached skill level 1 in Air Magic
  1211 | D:2      | Reached skill level 1 in Earth Magic
  1211 | D:2      | Reached skill level 1 in Poison Magic
  2009 | D:2      | Learned a level 1 spell: Apportation
  2013 | D:2      | Learned a level 3 spell: Lesser Beckoning
  2083 | D:3      | Reached XP level 5. HP: 43/43 MP: 7/7
  2447 | D:3      | Got the Tome of Frosty Modification
  2584 | D:3      | Found a glowing drain.
  2593 | Sewer    | Entered a sewer
  2676 | Sewer    | Noticed Pargi
  2696 | Sewer    | Killed Pargi
  2697 | Sewer    | Reached skill level 5 in Fighting
  2697 | Sewer    | Reached XP level 6. HP: 16/51 MP: 8/8
  3423 | D:4      | Found a snail-covered altar of Cheibriados.
  3423 | D:4      | Found a white marble altar of Elyvilon.
  3457 | D:4      | Became a worshipper of Cheibriados the Contemplative
  3462 | D:4      | Found a basalt altar of Yredelemnul.
  3465 | D:4      | Found a shimmering blue altar of Sif Muna.
  3469 | D:4      | Found a hazy altar of Hepliaklqana.
  3474 | D:4      | Found an ancient bone altar of Kikubaaqudgha.
  3685 | D:4      | Slain by a gnoll

Illustrated notes

Levels and vault maps discovered:
D:1:      dpeg_cavernosity, layout_loops_ring, ebering_ecumenical_altar_webs
D:2:      layout_loops_corners, minmay_misc_feat_diagonals, minmay_surrounded
D:3:      cheibrodos_old_hovel, layout_basic, portal_sewer_entry_b,
          minmay_misc_feat_square, feat_on_display
D:4:      layout_cave_pools, nicolae_overflow_hallway_of_the_gods, corexii_shack

Skill      XL: |  1  2  3  4  5  6 |
---------------+-------------------+-----
Ranged Weapons | | 10.7
Invocations    | 1 2 |  2.5
Short Blades   | 1 2 |  2.2
Long Blades    | 1 2 |  2.2
Axes           | 1 2 |  2.2
Maces & Flails | 1 2 |  2.2
Polearms       | 1 2 |  2.2
Staves         | 1 2 |  2.2
Armour         | 1 2 |  2.2
Stealth        | 1 2 |  2.2
Shields        | 1 2 |  2.2
Unarmed Combat | 1 2 |  2.2
Spellcasting   | 1 2 |  2.2
Conjurations   | 1 |  1.8
Hexes          | 1 |  1.8
Summonings     | 1 |  1.8
Necromancy     | 1 |  1.8
Translocations | 1 |  1.8
Transmutations | 1 |  1.8
Fire Magic     | 1 |  1.8
Ice Magic      | 1 |  1.8
Air Magic      | 1 |  1.8
Earth Magic    | 1 |  1.8
Poison Magic   | 1 |  1.8
Throwing       | 3 |  3.4
Dodging        | 3 |  3.4
Evocations     | 3 |  3.4
Fighting       | 5 |  5.1

Action                   |  1- 3 |  4- 6 || total
-------------------------+-------+-------++-------
 Fire: Sling             |   119 |   182 ||   301
Throw: Dart              |       |     5 ||     5
  Use: Potion            |       |     1 ||     1
       Scroll            |       |    11 ||    11
Armor: Leather armour    |     4 |    26 ||    30
       Robe              |     2 |       ||     2
       Skin              |       |     8 ||     8
Dodge: Dodged            |    27 |    67 ||    94

Table legend: (Time is in decaauts)
 A = Elapsed time spent in this place.
 B = Non-inter-level travel time spent in this place.
 C = Inter-level travel time spent in this place.
 D = Time resting spent in this place.
 E = Time spent auto-exploring this place.
 F = Levels seen in this place.
 G = Mean time per level.
                   A        B        C        D        E       F      G
               +--------+--------+--------+--------+--------+-----+--------+
         Total |   3711 |   3573 |    138 |    387 |   2647 |   5 |  742.2 |
       Dungeon |   3141 |   3003 |    138 |     33 |   2491 |   4 |  785.2 |
         Sewer |    570 |    570 |      0 |    354 |    156 |   1 |  570.0 |
               +--------+--------+--------+--------+--------+-----+--------+

Top non-repeatable levels by time:
     D:2: 1008 daAuts
     D:1: 1000 daAuts
     D:3: 765 daAuts
   Sewer: 570 daAuts
     D:4: 368 daAuts
